Map: 2000 Atmospheres LE

Players

SortOf

  • Race: Zerg Zerg

Krystianer - Winner!

  • Race: Protoss Protoss

Event: DreamHack SC2 Masters 2021 Fall

VOD

Have the link to the VOD?

Description

Time

  • Played on: Aug. 5, 2021, 10:25 a.m.
  • Length: 7:01

All games in this series

Show
View Real Time Build Order
Export as new Build Order

SortOf Zerg 

Build Orders: Hatch First 

Get SALT Encoding   

  12  0:00  Drone  
  13  0:12  Overlord  
  13  0:16  Drone  
  14  0:31  Drone x2  
  16  0:43  Drone  
  17  0:51  Hatchery  
  17  0:54  Drone  
  17  1:00  Drone  
  18  1:09  Extractor  
  17  1:14  Spawning Pool  
  17  1:16  Drone  
  17  1:19  Drone  
  18  1:28  Drone  
  19  1:38  Drone  
  20  1:49  Overlord  
  20  2:01  Queen  
  20  2:02  Queen  
  20  2:03  Drone  
  20  2:04  Zergling x2  
  26  2:11  Zergling x2  
  26  2:15  Metabolic Boost  
  27  2:17  Drone  
  28  2:24  Drone  
  28  2:28  Drone  
  30  2:35  Hatchery  
  29  2:41  Queen  
  31  2:45  Zergling x2  
  31  2:47  Drone  
  31  2:50  Overlord  
  33  2:54  Zergling x2  
  33  2:56  Zergling x2  
  35  2:58  Drone  
  36  3:07  Queen  
  36  3:09  Overlord  
  38  3:13  Drone x2  
  38  3:16  Drone x2  
  42  3:23  Drone x2  
  42  3:26  Overlord  
  43  3:36  Overlord  
  43  3:40  Drone x2  
  45  3:47  Drone x2  
  47  3:49  Roach Warren  
  47  3:50  Drone x3  
  49  3:57  Queen  
  49  3:59  Drone x2  
  54  4:02  Drone  
  54  4:03  Drone  
  54  4:05  Zergling x2  
  54  4:08  Zergling x2  
  54  4:09  Zergling x2  
  58  4:16  Overlord  
  58  4:19  Zergling x8  
  58  4:22  Drone  
  63  4:25  Overlord  
  63  4:33  Roach  
  63  4:34  Overlord  
  65  4:39  Roach x3  
  65  4:40  Roach  
  72  4:48  Zergling x2, Roach x2  
  72  4:50  Zergling x10  
  81  4:56  Roach  
  81  4:57  Extractor  
  82  5:01  Zergling x4  
  84  5:10  Drone x4  
  86  5:17  Zergling x2  
  86  5:19  Drone x2  
  84  5:29  Extractor, Drone x6  
  84  5:33  Overlord x2  
  89  5:35  Spore Crawler  
  89  5:36  Spore Crawler  
  89  5:39  Spore Crawler  
  86  5:47  Roach x2  
  90  5:50  Overlord  
  90  5:56  Roach x3  
  95  6:00  Zergling x8, Roach  
  95  6:03  Roach x4  
  100  6:10  Roach  
  79  6:23  Roach  
  60  6:29  Roach  
  56  6:36  Zergling x12  
  53  6:43  Drone  
Show
View Real Time Build Order
Export as new Build Order

Krystianer Protoss - Winner!

Build Orders: 1 Gate Expand, Mass Adepts 

Get SALT Encoding   

  12  0:00  Probe  
  13  0:12  Probe  
  14  0:18  Pylon  
  14  0:24  Probe  
  15  0:36  Probe (Chrono Boost)  
  15  0:41  Gateway  
  16  0:45  Probe (Chrono Boost)  
  17  0:50  Probe  
  17  0:52  Assimilator  
  18  1:03  Probe  
  19  1:15  Probe  
  20  1:26  Nexus  
  20  1:36  Cybernetics Core  
  20  1:38  Probe  
  21  1:44  Assimilator  
  21  1:51  Probe  
  22  1:54  Pylon  
  22  2:03  Probe  
  23  2:09  Adept (Chrono Boost)  
  23  2:15  Probe  
  26  2:21  Twilight Council  
  26  2:26  Warp Gate  
  26  2:27  Probe (Chrono Boost)  
  26  2:29  Adept (Chrono Boost)  
  29  2:39  Probe (Chrono Boost)  
  31  2:45  Probe (Chrono Boost)  
  31  2:48  Probe (Chrono Boost)  
  32  2:52  Stalker, Probe (Chrono Boost)  
  32  2:53  Probe (Chrono Boost)  
  36  3:02  Robotics Facility  
  36  3:03  Probe  
  37  3:10  Probe  
  38  3:13  Resonating Glaives (Chrono Boost)  
  38  3:15  Probe  
  38  3:17  Gateway  
  39  3:22  Probe  
  40  3:32  Gateway  
  40  3:33  Gateway  
  40  3:35  Probe x2  
  42  3:44  Gateway  
  42  3:47  Gateway  
  42  3:49  Warp Prism (Chrono Boost)  
  44  3:56  Pylon  
  44  4:01  Probe  
  44  4:02  Probe  
  46  4:10  Pylon  
  46  4:15  Adept x2  
  50  4:18  Pylon  
  50  4:22  Assimilator  
  50  4:24  Probe  
  50  4:29  Probe  
  52  4:39  Adept x5  
  52  4:41  Adept  
  52  4:44  Pylon  
  64  4:48  Warp Prism (Chrono Boost)  
  64  5:09  Adept x6  
  74  5:24  Pylon  
  74  5:26  Pylon  
  74  5:35  Probe  
  75  5:43  Adept  
  75  5:44  Adept x5  
  75  5:47  Pylon  
  84  6:07  Adept  
  84  6:08  Adept x5  
  90  6:29  Adept x2  
  90  6:30  Adept x4  
  88  6:46  Nexus  

Tags
 
Add a new tag
Caveats
  • Supply blocks, unpowered buildings, or Contaminate may cause inaccurate times.
  • Supply counts are checked every 10 seconds.